 Dungeon Crawl Stone Soup version 0.22.1-2-g9c5b331383 (webtiles) character file.

2544 Araratina the Cleaver (level 9, -1/79 HPs)
             Began as a Minotaur Berserker on Dec 12, 2018.
             Was an Elder of Trog.
             Slain by a hornet (7 damage)
             ... on level 7 of the Dungeon.
             The game lasted 00:35:36 (4738 turns).

Araratina the Cleaver (Minotaur Berserker)          Turns: 4738, Time: 00:35:37

Health: -1/79      AC: 11    Str: 25    XL:     9   Next: 30%
Magic:  8/8        EV: 13    Int:  4    God:    Trog [****..]
Gold:   103        SH:  2    Dex: 10    Spells: 8/8 levels left

rFire    . . .     SeeInvis .   a - +0 hand axe
rCold    . . .     Gourm    .   (no shield)
rNeg     . . .     Faith    .   b - +1 ring mail "Taelaashan" {Regen+}
rPois    .         Spirit   .   (helmet restricted)
rElec    .         Reflect  +   A - +0 cloak
rCorr    .         Harm     .   r - +0 pair of gloves
MR       .....                  f - +0 pair of boots
Stlth    +.........             n - +2 amulet of reflection
HPRegen  0.63/turn              (no ring)
MPRegen  0.11/turn              (no ring)

@: lethally poisoned (-1 -> -1), slowed, very slow
A: retaliatory headbutt, horns 2
a: Berserk, Trog's Hand, Brothers in Arms, Renounce Religion


You were on level 7 of the Dungeon.
You worshipped Trog.
Trog was greatly pleased with you.
You were not hungry.

You visited 1 branch of the dungeon, and saw 7 of its levels.

You collected 311 gold pieces.
You spent 208 gold pieces at shops.

Inventory:

Hand Weapons
 a - a +0 hand axe (weapon)
 d - a +0 morningstar of protection
 h - a cursed -2 war axe
 i - a +2 dagger of venom
 s - a +0 spear of piercing
 v - a +0 blowgun
 z - a +1 mace of crushing
Missiles
 l - 152 stones (quivered)
 w - 12 poisoned needles
 F - 6 tomahawks
Armour
 b - the +1 ring mail "Taelaashan" (worn) {Regen+}
   (You bought it in a shop on level 4 of the Dungeon)

   It increases your rate of regeneration.
 f - a +0 pair of boots (worn)
 j - a +3 ring mail
 r - a +0 pair of gloves (worn)
 y - a +0 chain mail
 A - a +0 cloak (worn)
Jewellery
 n - a +2 amulet of reflection (around neck)
 x - an uncursed ring of magical power
Wands
 D - a wand of polymorph (10)
Scrolls
 m - 5 scrolls of remove curse {unknown}
 o - a scroll of noise {unknown}
 p - 2 scrolls of immolation {unknown}
 t - a scroll of random uselessness {unknown}
 u - a scroll of enchant armour {unknown}
 B - 3 scrolls of identify
 C - 2 scrolls of teleportation {unknown}
 E - a scroll of magic mapping {unknown}
 G - 3 scrolls of blinking {unknown}
Potions
 e - 4 potions of curing
 g - 5 potions of mutation
 k - a potion of lignification {unknown}
 q - a potion of degeneration {unknown}
Comestibles
 c - 8 rations


   Skills:
 + Level 7.1 Fighting
 + Level 10.8 Axes
 + Level 3.2 Throwing
 + Level 6.7 Armour
 + Level 5.3 Dodging
 + Level 0.3 Stealth


You had 8 spell levels left.
You didn't know any spells.
Your spell library was empty.

Dungeon Overview and Level Annotations

Branches:
Dungeon (7/15)             Temple (0/1) D:4

Altars:
Hepliaklqana
Makhleb
Qazlal
Ru
Wu Jian

Shops:
D:4 [   D:5 %   D:6 [[


Innate Abilities, Weirdness & Mutations

You reflexively headbutt those who attack you in melee.
You have a pair of horns on your head.


Message History

You feel better. The hornet barely misses you. You furiously retaliate!
You headbutt the hornet, but do no damage.
The hornet barely misses you. You furiously retaliate!
You headbutt the hornet. The hornet stings you.
* * * LOW HITPOINT WARNING * * *
You are poisoned.
You feel as though you will be slow longer.
You feel sick. The hornet barely misses you.
There is an open door here.
You feel sick. The hornet stings you!
* * * LOW HITPOINT WARNING * * *
You feel as though you will be slow longer.
You closely miss the hornet.
The hornet is heavily wounded.
The hornet misses you. The hornet closely misses you. You furiously retaliate!
You headbutt the hornet, but do no damage.
You hit the hornet but do no damage. You headbutt the hornet.
The hornet is heavily wounded.
You feel sick. The hornet stings you!
You die...

.......# #####..##
......# #..# .....##
#..# ..... .# #..#
....###.# #..#
#Z#.#... #..#
#Z#.#.######..####
####y#.....))........
#...@.......#########
#...........#....
#.............#
#...........###
#...........+
#...........#
#...........#
#...........# #
#...........# ##)###


You could see a hornet, a killer bee zombie and a wyvern skeleton.

Vanquished Creatures
  Grinder (D:4)
  Sigmund (D:4)
  An ice beast (D:5)
  2 orc warriors
  2 ogres
  A hornet zombie (D:6)
  2 black bears
  A phantom (D:7)
  5 bullfrogs
  A scorpion (D:5)
  3 crimson imps (D:5)
  3 hounds
  A bullfrog skeleton (D:5)
  3 iguanas (D:5)
  3 orc priests
  Crazy Yiuf (D:3)
  A worker ant (D:3)
  Natasha (thrice) (D:3)
  6 orc wizards
  A hound zombie (D:6)
  Robin (D:3)
  4 gnolls
  13 adders
  A shadow imp (D:5)
  2 adder skeletons (D:4)
  4 worms
  2 dart slugs (D:1)
  5 leopard geckos
  28 orcs
  A ball python (D:2)
  5 giant cockroaches
  13 goblins
  10 hobgoblins
  6 jackals
  6 kobolds
  4 quokkas
  3 bats
  5 frilled lizards
  6 rats
161 creatures vanquished.

Notes
Turn   | Place    | Note
-------+----------+-------------------------------------------
     0 | D:1      | Araratina the Minotaur Berserker began the quest for the
                  | Orb.
     0 | D:1      | Reached XP level 1. HP: 19/19 MP: 0/0
   133 | D:1      | Reached skill level 4 in Axes
   133 | D:1      | Reached XP level 2. HP: 27/27 MP: 1/1
   405 | D:2      | Reached XP level 3. HP: 33/33 MP: 2/2
   741 | D:2      | Reached XP level 4. HP: 39/41 MP: 3/3
   743 | D:2      | Reached ** piety under Trog
   973 | D:2      | Reached skill level 5 in Fighting
  1145 | D:3      | Reached skill level 5 in Axes
  1197 | D:3      | Reached XP level 5. HP: 42/48 MP: 4/4
  1205 | D:3      | Found a burning altar of Makhleb.
  1266 | D:3      | Reached skill level 6 in Axes
  1376 | D:3      | Noticed Natasha
  1385 | D:3      | Killed Natasha
  1385 | D:3      | Reached XP level 6. HP: 43/56 MP: 5/5
  1391 | D:3      | Noticed Natasha
  1399 | D:3      | Killed Natasha
  1401 | D:3      | Noticed Robin
  1423 | D:3      | Reached *** piety under Trog
  1429 | D:3      | Killed Robin
  1713 | D:3      | Noticed Natasha
  1723 | D:3      | Killed Natasha
  1862 | D:3      | Found a runed door.
  1866 | D:3      | Noticed Crazy Yiuf
  1870 | D:3      | Paralysed by Crazy Yiuf for 5 turns
  1876 | D:3      | Killed Crazy Yiuf
  1876 | D:3      | Reached skill level 7 in Axes
  1976 | D:4      | Found Fowuequs's Armour Shoppe.
  1986 | D:4      | Bought the +1 ring mail "Taelaashan" {Regen+} for 208 gold
                  | pieces
  2168 | D:4      | Noticed Sigmund
  2183 | D:4      | Killed Sigmund
  2183 | D:4      | Reached XP level 7. HP: 41/61 MP: 6/6
  2207 | D:4      | Noticed Grinder
  2229 | D:4      | Killed Grinder
  2229 | D:4      | Reached skill level 8 in Axes
  2229 | D:4      | Reached skill level 1 in Throwing
  2303 | D:4      | Found a staircase to the Ecumenical Temple.
  2359 | D:4      | Reached **** piety under Trog
  2367 | D:4      | Reached skill level 5 in Armour
  2500 | D:4      | Found a hazy altar of Hepliaklqana.
  2645 | D:4      | Reached XP level 8. HP: 70/70 MP: 7/7
  2900 | D:5      | Entered Level 5 of the Dungeon
  2936 | D:5      | Reached skill level 9 in Axes
  3126 | D:5      | Found Gonuelim's Food Boutique.
  3511 | D:5      | Found an ornate altar of the Wu Jian Council.
  3651 | D:6      | Found a sacrificial altar of Ru.
  3666 | D:6      | Reached skill level 10 in Axes
  3724 | D:6      | Found a stormy altar of Qazlal.
  3850 | D:6      | Reached XP level 9. HP: 28/78 MP: 8/8
  3854 | D:6      | Reached skill level 5 in Dodging
  4128 | D:6      | Found Xeiso's Armour Boutique.
  4459 | D:6      | Found Qerol's Armour Emporium.
  4730 | D:7      | Paralysed by a hornet for 3 turns
  4738 | D:7      | Slain by a hornet

Skill      XL: |  1  2  3  4  5  6  7  8  9 |
---------------+----------------------------+-----
Axes           | 4 5 6 7 8 10 | 10.8
Fighting       | 4 5 6 7 |  7.1
Armour         | 3 4 5 6 |  6.7
Dodging        | 3 4 5 |  5.3
Throwing       | 1 2 3 |  3.2
Stealth        | |  0.3

Action                   |  1- 3 |  4- 6 |  7- 9 || total
-------------------------+-------+-------+-------++-------
Melee: Hand axe          |    56 |   174 |   226 ||   456
       Headbutt          |     6 |    28 |    44 ||    78
Throw: Stone             |     4 |    21 |    63 ||    88
Evoke: Wand              |       |       |     1 ||     1
  Use: Scroll            |       |     2 |     3 ||     5
       Potion            |       |       |     3 ||     3
  Eat: Chunk             |       |     4 |     2 ||     6
       Ration            |       |       |     2 ||     2
Armor: Scale mail        |    11 |       |       ||    11
       Animal skin       |     1 |       |       ||     1
       Ring mail         |     7 |    57 |    59 ||   123
Dodge: Dodged            |    36 |   117 |   115 ||   268
Block: Other             |       |       |    12 ||    12
